 Dungeon Crawl Stone Soup version 0.18.1-48-g4cf74bf (webtiles) character file.

20696 Joat the Fighter (level 12, -27/113 HPs)
             Began as a White Draconian Monk on Aug 24, 2016.
             Was a Believer of Elyvilon.
             Killed from afar by a fire dragon (41 damage)
             ... with a blast of flame
             ... on level 4 of the Lair of Beasts.
             The game lasted 01:26:21 (18509 turns).

Joat the Fighter (White Draconian Monk)            Turns: 18509, Time: 01:26:21

Health: -27/113    AC: 14    Str: 18    XL:     12   Next: 47%
Magic:  15/15      EV: 20    Int: 12    God:    Elyvilon [**....]
Gold:   591        SH:  0    Dex: 17    Spells: 0 memorised, 11 levels left

rFire  . . .     SeeInvis .       - Unarmed
rCold  + . .     Gourm    .     (armour unavailable)
rNeg   . . .     Faith    .     (no shield)
rPois  .         Spirit   .     m - +2 hat
rElec  .         Dismiss  .     B - +2 cloak
rCorr  .         Reflect  .     (no gloves)
SustAt .         Harm     .     e - +0 pair of boots
MR     .....                    (no amulet)
Stlth  +++.......               K - ring of wizardry
                                H - +4 ring of strength

@: protection, not resistant to hostile enchantments, fairly stealthy
A: breathe frost, unfitting armour, cold resistance 1, cold-blooded, AC +8
a: Breathe Frost, Lesser Healing, Heal Other, Divine Protection, Renounce
Religion


You were on level 4 of the Lair of Beasts.
You worshipped Elyvilon.
Elyvilon was pleased with you.
You were not hungry.

You visited 4 branches of the dungeon, and saw 18 of its levels.
You also visited: Sewer.

You collected 791 gold pieces.
You spent 200 gold pieces at shops.

Inventory:

Hand Weapons
 k - a +3 mace of venom
Missiles
 d - 5 tomahawks (quivered)
 C - 7 needles of confusion
Armour
 e - a +0 pair of boots (worn)
 m - a +2 hat (worn)
 B - a +2 cloak (worn)
Jewellery
 g - an uncursed ring of see invisible
 D - an uncursed ring of flight
 H - a +4 ring of strength (left hand)
 K - a ring of wizardry (right hand)
 M - an uncursed ring of resist corrosion
 N - an uncursed ring of stealth
Wands
 n - a wand of acid (4/15)
 q - a wand of polymorph (0/24)
 t - a wand of flame (40/48)
 G - a wand of acid (0/15)
 S - a wand of slowing (13/48)
 T - a wand of paralysis (8/24)
Scrolls
 c - 6 scrolls of teleportation
 j - a scroll of amnesia
 o - 7 scrolls of remove curse
 x - 3 scrolls of fear
 F - a scroll of blinking
 J - a scroll of fog
 O - 3 scrolls of recharging
Potions
 b - a potion of flight
 f - 2 potions of invisibility
 h - a potion of ambrosia
 i - 4 potions of brilliance
 p - a potion of lignification
 r - 2 potions of berserk rage
 s - 5 potions of heal wounds
 u - a potion of agility
 v - a potion of magic
 w - 4 potions of might
 z - 3 potions of curing
 A - 6 potions of mutation
 I - 2 potions of degeneration {unknown}
 Q - 2 potions of cure mutation {unknown}
Books
 y - a Fen Folio

   Spells                             Type                      Level
   a - Corpse Rot                     Necromancy                   2
   b - Stone Arrow                    Conjuration/Earth            3
   c - Leda's Liquefaction            Hexes/Earth                  4
   d - Summon Forest                  Summoning/Translocation      5
   e - Hydra Form                     Transmutation                6
   f - Summon Hydra                   Summoning                    7
 E - a book of Flames

   Spells                             Type                      Level
   a - Flame Tongue                   Conjuration/Fire             1
   b - Throw Flame                    Conjuration/Fire             2
   c - Conjure Flame                  Conjuration/Fire             3
   d - Inner Flame                    Hexes/Fire                   3
   e - Sticky Flame                   Conjuration/Fire             4
   f - Fireball                       Conjuration/Fire             5
 L - a book of Summonings

   Spells                             Type                      Level
   a - Recall                         Summoning/Translocation      3
   b - Aura of Abjuration             Summoning                    5
   c - Summon Demon                   Summoning                    5
   d - Summon Forest                  Summoning/Translocation      5
   e - Summon Mana Viper              Hexes/Summoning              5
   f - Shadow Creatures               Summoning                    6
Comestibles
 a - 8 bread rations
 l - 4 meat rations


   Skills:
 + Level 12.8 Fighting
 + Level 10.9 Dodging
 - Level 3.9 Stealth
 + Level 12.2 Unarmed Combat
 * Level 5.0 Invocations


You had 11 spell levels left.
You didn't know any spells.

Dungeon Overview and Level Annotations

Branches:
Dungeon (8/15)             Temple (1/1) D:4            Lair (8/8) D:8
 Shoals (0/4) Lair:4        Slime (1/6) Lair:6
  Snake: Lair:3-6    Spider: Lair:3-6

Altars:
Ashenzari
Cheibriados
Dithmenos
Elyvilon
Fedhas
Gozag
Kikubaaqudgha
Makhleb
Nemelex Xobeh
Okawaru
Pakellas
Qazlal
Ru
Sif Muna
Trog
Vehumet
Xom
Yredelemnul
Zin
The Shining One

Shops:
D:7 *

Annotations:
Lair:2 exclusion: hydra
Lair:3 exclusion: upstairs
Lair:6 exclusions: komodo dragon and rime drake
Lair:7 exclusion: hydra


Innate Abilities, Weirdness & Mutations

You can breathe waves of freezing cold.
You can buffet flying creatures when you breathe cold.
Your icy white scales are hard (AC +8).
Your body does not fit into most forms of armour.
Your flesh is cold resistant.
You are cold-blooded and may be slowed by cold attacks.


Message History

The black mamba closely misses you. The black mamba barely misses you.
You finish eating.
That meat ration really hit the spot!
Press: ? - help, Dir - move target cursor, f - black mamba, p - fire dragon Heal: a black mamba The black mamba turns neutral.
Your Invocations skill increases to level 5!
You feel somewhat more hungry. The fire dragon breathes flames at you.
The blast of flame misses you. The fire dragon breathes flames at you.
The blast of flame hits you! The fire dragon breathes flames at you.
The blast of flame hits you! The fire dragon breathes flames at you.
The blast of flame hits you!
* * * LOW HITPOINT WARNING * * *
You beseech Elyvilon to protect your life.
The fire dragon breathes flames at you. The blast of flame hits you!
You die...

............#...........#........
.#...##.....##..........#.###...#
##..##......####.......####..#.#.
.#.##.#.....###≈≈)....≈≈###...>..
..........###≈≈≈≈....≈≈≈≈≈###....
.........##≈≈≈≈≈≈#####≈≈≈≈≈≈##...
.........#≈≈≈≈≈≈##...##≈≈>≈≈≈#...
......[..#≈≈≈≈≈##.....##≈≈≈≈≈#...
#######..##≈≈≈##@.D....##≈≈≈##...
##.##.#...#####.####....#####....
.....#......#..#..##......# ###.#
#.....#...................# ####
#....#.......#............# ##.#.
+.........................# #....
#....P#............#......# #..#.
#....##...........##......# #...#
#######.....####.###......####.#.


You could see a fire dragon.

Vanquished Creatures
  2 oklob plants (Lair:6)
  A siren (Lair:4)
  4 elephants
  A black mamba (Lair:6)
  10 spiny frogs
  2 rime drakes
  The ghost of atgrul the Conjurer, an amateur DrCj (D:3)
  A wandering mushroom (Lair:6)
  A two-headed ogre (D:6)
  Prince Ribbit (D:8)
  7 blink frogs
  A slime creature (Lair:6)
  9 yaks
  The ghost of Graouh the Shield-Bearer, an amateur MiFi (D:4)
  10 hippogriffs
  2 hungry ghosts (D:7)
  A steam dragon (D:7)
  12 water moccasins
  8 porcupines
  Purgy (Sewer)
  An ice beast (D:5)
  2 sky beasts
  An orc warrior (D:8)
  A black bear (Lair:4)
  2 ogres
  9 wolves (Lair:7)
  3 centaurs
  10 crocodiles
  14 giant frogs
  4 scorpions
  A water moccasin skeleton (D:5)
  3 wights (D:8)
  5 howler monkeys
  A crimson imp (D:5)
  A quasit (D:8)
  A giant frog skeleton (D:5)
  4 hounds
  4 jellies
  3 orc priests
  An orc wizard (D:3)
  10 iguanas
  3 worker ants
  A killer bee zombie (D:8)
  A sheep (Lair:3)
  A hound zombie (D:5)
  2 hound skeletons
  A howler monkey skeleton (D:8)
  9 adders
  A gnoll (D:1)
  40 river rats
  2 shadow imps
  An adder skeleton (D:4)
  3 worms
  5 dart slugs
  5 giant geckos
  22 orcs
  2 ball pythons
  6 bats (D:1)
  4 giant cockroaches
  3 goblins
  5 hobgoblins
  8 jackals
  8 quokkas
  12 giant newts
  8 kobolds
  6 rats
  A fungus (Lair:6)
  2 plants
319 creatures vanquished.

Vanquished Creatures (others)
  Erolcha (D:8)
  6 fungi
  2 plants (Lair:4)
9 creatures vanquished.

Grand Total: 328 creatures vanquished

Notes
Turn   | Place    | Note
--------------------------------------------------------------
     0 | D:1      | Joat the Draconian Monk began the quest for the Orb.
     0 | D:1      | Reached XP level 1. HP: 19/19 MP: 1/1
   179 | D:1      | Reached XP level 2. HP: 27/27 MP: 2/2
   680 | D:1      | Reached XP level 3. HP: 33/33 MP: 3/3
  1474 | D:2      | Reached XP level 4. HP: 40/40 MP: 4/4
  1775 | D:2      | Found an ancient bone altar of Kikubaaqudgha.
  1778 | D:2      | Found a snail-covered altar of Cheibriados.
  2164 | D:3      | Noticed atgrul's ghost (amateur DrCj)
  2195 | D:3      | Killed atgrul's ghost
  2195 | D:3      | Reached skill level 5 in Fighting
  2195 | D:3      | Reached skill level 5 in Unarmed Combat
  2195 | D:3      | Reached XP level 5. HP: 21/48 MP: 5/5
  2195 | D:3      | Reached XP level 6. HP: 24/56 MP: 6/6
  3372 | D:4      | Your scales start taking on an icy white colour.
  3372 | D:4      | Reached XP level 7. HP: 32/63 MP: 7/7
  3372 | D:4      | Gained mutation: Your flesh is cold resistant. [White Draconian growth]
  3497 | D:4      | Found a glowing drain.
  3514 | Sewer    | Entered a sewer
  3621 | Sewer    | Noticed Purgy
  3650 | Sewer    | Killed Purgy
  3937 | D:4      | Noticed Graouh's ghost (amateur MiFi)
  3949 | D:4      | Killed Graouh's ghost
  3949 | D:4      | Reached skill level 5 in Dodging
  4072 | D:4      | Found a staircase to the Ecumenical Temple.
  4078 | Temple   | Entered the Ecumenical Temple
  4374 | D:5      | Entered Level 5 of the Dungeon
  4560 | D:5      | Reached XP level 8. HP: 68/73 MP: 8/8
  5792 | D:6      | Noticed a two-headed ogre
  5832 | D:6      | Killed a two-headed ogre
  6077 | D:7      | Found Qasch's Assorted Antiques.
  6093 | D:7      | Bought a fizzy ruby potion for 30 gold pieces
  6093 | D:7      | Bought a scroll of identify for 68 gold pieces
  6093 | D:7      | Bought a scroll of teleportation for 102 gold pieces
  6148 | D:7      | Found a sacrificial altar of Ru.
  6154 | D:7      | Reached XP level 9. HP: 81/81 MP: 9/9
  6492 | D:7      | Found a basalt altar of Yredelemnul.
  7384 | D:8      | Noticed Erolcha
  7428 | D:8      | Found a staircase to the Lair.
  7446 | Lair:1   | Entered Level 1 of the Lair of Beasts
  7485 | Lair:2   | Noticed a five-headed hydra
  7699 | Lair:3   | Noticed a spiny frog
  7844 | Lair:4   | Noticed an elephant
  7845 | Lair:4   | Noticed an elephant
  7846 | Lair:4   | Noticed a spiny frog
  8045 | Lair:4   | Noticed a spiny frog
  8061 | Lair:4   | Noticed a spiny frog
  8081 | Lair:4   | Killed a spiny frog
  8081 | Lair:4   | Reached XP level 10. HP: 59/93 MP: 10/10
  8488 | Lair:4   | Noticed an elephant
  8498 | Lair:4   | Noticed an elephant
  8498 | Lair:4   | Noticed an elephant
  8499 | Lair:4   | Killed a spiny frog
  8499 | Lair:4   | Reached skill level 10 in Fighting
  8609 | Lair:6   | Noticed a black mamba
  8618 | Lair:6   | Killed a black mamba
  8808 | Lair:6   | Reached skill level 10 in Unarmed Combat
  9194 | Lair:7   | Noticed a spiny frog
  9213 | Lair:7   | Killed a spiny frog
  9277 | Lair:8   | Entered Level 8 of the Lair of Beasts
  9354 | Lair:7   | Noticed a spiny frog
  9373 | Lair:7   | Killed a spiny frog
  9920 | Lair:7   | Noticed a five-headed hydra
 10161 | Lair:6   | Noticed a spiny frog
 10188 | Lair:6   | Killed a spiny frog
 10188 | Lair:6   | Reached XP level 11. HP: 62/102 MP: 11/11
 12075 | Lair:6   | Noticed an oklob plant
 12103 | Lair:6   | Killed an oklob plant
 12316 | Lair:6   | Noticed an oklob plant
 12328 | Lair:6   | an oklob plant changed into a wandering mushroom
 12329 | Lair:6   | Found a staircase to the Slime Pits.
 12330 | Lair:6   | Noticed an oklob plant
 12478 | Lair:6   | Killed an oklob plant
 12577 | Slime:1  | Entered Level 1 of the Pits of Slime
 13317 | D:8      | Reached skill level 10 in Dodging
 13537 | Temple   | Became a worshipper of Elyvilon the Healer
 13537 | Temple   | Reached * piety under Elyvilon
 13537 | Temple   | Reached ** piety under Elyvilon
 13856 | D:8      | Noticed Prince Ribbit
 13869 | D:8      | Killed Prince Ribbit
 14431 | D:8      | Killed Erolcha
 15652 | Lair:2   | Reached *** piety under Elyvilon
 15729 | Lair:2   | Noticed a four-headed hydra
 16027 | Lair:3   | Reached XP level 12. HP: 95/113 MP: 12/12
 16163 | Lair:3   | Reached skill level 1 in Invocations
 17248 | Lair:4   | Found a staircase to the Shoals.
 17324 | Lair:4   | Noticed a death yak
 17989 | Lair:4   | Noticed a four-headed hydra
 18004 | Lair:4   | Pacified a four-headed hydra
 18011 | Lair:4   | Noticed a fire dragon
 18481 | Lair:4   | Reached skill level 5 in Invocations
 18509 | Lair:4   | Killed from afar by a fire dragon

Skill      XL: |  1  2  3  4  5  6  7  8  9 10 11 12 |
---------------+-------------------------------------+-----
Fighting       | 4 5 6 7 8 9 11 12 | 12.8
Dodging        | 3 4 5 6 8 9 10 | 10.9
Unarmed Combat | 5 6 8 9 10 11 12 | 12.2
Stealth        | 3 |  3.9
Invocations    | 5 |  5.0

Action                   |  1- 3 |  4- 6 |  7- 9 | 10-12 || total
-------------------------+-------+-------+-------+-------++-------
Melee: Unarmed           |   170 |   149 |   439 |   817 ||  1575
       Tailslap          |    23 |    19 |    58 |   156 ||   256
       Punch             |     2 |     3 |    19 |    44 ||    68
       Mace              |       |     5 |       |       ||     5
Throw: Tomahawk          |       |     8 |     3 |     1 ||    12
Invok: Heal Other        |       |       |       |    17 ||    17
       Divine Protection |       |       |       |     2 ||     2
 Abil: Breathe Frost     |       |       |    17 |    15 ||    32
Evoke: Wand              |       |       |       |    25 ||    25
  Use: Scroll            |       |     8 |    17 |     9 ||    34
       Potion            |       |       |     1 |     2 ||     3
 Stab: Sleeping          |     2 |     2 |     5 |     6 ||    15
       Distracted        |       |       |       |     3 ||     3
  Eat: Chunk             |     2 |     6 |    17 |    34 ||    59
       Beef jerky        |       |       |     2 |     1 ||     3
       Fruit             |       |       |       |     4 ||     4
       Pizza             |       |       |       |     1 ||     1
       Meat ration       |       |       |       |     1 ||     1
       Royal jelly       |       |       |       |     1 ||     1
Armor: Skin              |    52 |    37 |   120 |   181 ||   390
Dodge: Dodged            |    92 |    79 |   278 |   646 ||  1095
